 Dungeon Crawl Stone Soup version 0.16-a0-1167-g3157814 (webtiles) character file.

390 rrentacletape the Changer (level 6, -7/38 HPs)
             Began as an Octopode Transmuter on Oct 9, 2014.
             Mangled by Grinder (8 damage)
             ... while paralysed by Grinder
             ... on level 3 of the Dungeon.
             The game lasted 00:20:59 (2943 turns).

rrentacletape the Changer (Octopode Transmuter)     Turns: 2943, Time: 00:20:59

Health: -7/38      AC:  1    Str:  9    XL:     6   Next: 80%
Magic:  4/10       EV:  2    Int: 17    God:
Gold:   106        SH:  0    Dex: 13    Spells: 3 memorised, 3 levels left

rFire  . . .     SeeInvis .       - Unarmed
rCold  . . .     Clarity  .     (no shield)
rNeg   . . .     SustAb   .     (helmet restricted)
rPois  .         Gourm    .     (no amulet)
rElec  .         Spirit   .     e - +5 ring of evasion
rCorr  .         Warding  .     t - ring of stealth
rMut   .         Stasis   .     (no ring)
MR     .....                    (no ring)
Stlth  ++++......               (no ring)
                                (no ring)
                                (no ring)
                                (no ring)

@: paralysed, very slightly contaminated, not resistant to hostile enchantments,
stealthy
A: almost no armour, amphibious, 8 rings, constrict 8, camouflage 1, gelatinous
body 1
a: no special abilities


You were on level 3 of the Dungeon.
You were not hungry.

You visited 1 branch of the dungeon, and saw 3 of its levels.

You collected 106 gold pieces.


Innate Abilities, Weirdness & Mutations

You cannot wear most types of armour.
You are amphibious.
You can wear up to eight rings at the same time.
You can use your tentacles to constrict many enemies at once.
Your skin changes colour to match your surroundings (Stealth).
Your rubbery body absorbs attacks (AC +1).


   Skills:
 - Level 1.0 Fighting
 + Level 3.5 Dodging
 - Level 3.1 Stealth
 - Level 4.0 Unarmed Combat
 - Level 2.0 Spellcasting
 - Level 4.5 Transmutations
 - Level 2.6 Poison Magic


You had 3 spell levels left.
You knew the following spells:

 Your Spells              Type           Power        Failure   Level  Hunger
a - Beastly Appendage     Trmt           ###...       2%          1    #......
c - Sticks to Snakes      Trmt           ###.......   4%          2    ##.....
x - Spider Form           Trmt/Pois      ##........   14%         3    ####...

Inventory:

Hand weapons
 l - a +0 hunting sling
Missiles
 b - 7 arrows
 c - 21 stones (quivered)
Magical devices
 u - a wand of magic darts (9)
Comestibles
 r - a bread ration
Scrolls
 a - a scroll of amnesia {unknown}
 f - 3 scrolls of recharging {unknown}
 g - 5 scrolls of identify {unknown}
 i - a scroll of blinking {unknown}
 k - 2 scrolls of immolation {unknown}
 m - 5 scrolls of remove curse {unknown}
 n - a scroll of random uselessness {unknown}
 o - 3 scrolls of fear {unknown}
 q - a scroll of noise {unknown}
 v - a scroll of enchant armour {unknown}
Jewellery
 e - a +5 ring of evasion (left tentacle)
 t - a ring of stealth (right tentacle)
Potions
 h - a potion of resistance {unknown}
 j - a potion of mutation {unknown}
 p - a potion of might {unknown}
 s - 2 potions of curing {unknown}
Books
 d - a book of Changes

   Spells                             Type                      Level
   *Beastly Appendage                 Transmutation                1
   *Sticks to Snakes                  Transmutation                2
   *Spider Form                       Transmutation/Poison         3
   Ice Form                           Ice/Transmutation            4
   Blade Hands                        Transmutation                5

Dungeon Overview and Level Annotations

Branches:
Dungeon (3/15)

Altars:
Kikubaaqudgha
Okawaru
Vehumet

Annotations:
D:2 1 exclusion
D:3 Grinder

#...# #.......###.#######
#...#####..#######..#
#..........# #.##
#..........# #.#
#######.#######.# #.#
........# #####.#######.#
.##.###<# #....S...)....#
.##.###.###.###5###.###.#
.##.##..........@...# #.#
.##.##.#........###.###.#
.##.##...##.##### #.....#
###.###.###.# ###.###
##.#.##.# #.#########.#
..###...# #....%.%....#
##.#.#### #############
....## #####


You could see Grinder and a friendly adder.


Message History

You shout for attention!
You hear a shout!
You miscast Beastly Appendage.
You are very lightly contaminated with residual magic.
Nothing appears to happen.
Grinder hits your adder!
Your adder writhes in agony.
Your adder dies!
Your ball python completely misses Grinder.
Your ball python grabs Grinder.
Your ball python constricts Grinder.
Grinder hits you!
You writhe in agony.
Your ball python constricts Grinder.
Really attack while wielding your 7 arrows?
Unknown command.
Grinder hits your ball python.
Your ball python dies!
Your adder barely misses Grinder.
You are now empty-tentacled.
You closely miss Grinder. Your grab misses Grinder.
Your adder bites Grinder.
Grinder gestures at you.
You suddenly lose the ability to move!
Your adder bites Grinder.
Grinder says, "Tell me all your secrets, or I'll kill you."
Grinder gestures at you. Pain shoots through your body!
Your adder misses Grinder. Grinder hits you!
* * * LOW HITPOINT WARNING * * *
You writhe in agony. x2
Your adder bites Grinder.
Grinder hits you.
* * * LOW HITPOINT WARNING * * *
You writhe in agony.
* * * LOW HITPOINT WARNING * * *
Your adder barely misses Grinder.
Your adder bites Grinder.
Grinder hits you!
You die...

Action                   |  1- 3 |  4- 6 || total
-------------------------+-------+-------++-------
Melee: Unarmed           |    76 |   126 ||   202
Throw: Stone             |     2 |       ||     2
 Cast: Beastly Appendage |     2 |     2 ||     4
       Sticks to Snakes  |       |     5 ||     5
       Spider Form       |       |     4 ||     4
Evoke: Wand              |       |     6 ||     6
 Stab: Sleeping          |     7 |     4 ||    11
  Eat: Bread ration      |     1 |     1 ||     2
       Chunk             |     1 |       ||     1

Vault maps used:
D:1:      dpeg_arrival_solitude, minmay_fountain_box
D:2:      nicolae_overflow_hidden_temple, first_bread, uniq_sigmund,
          uniq_crazy_yiuf_cottage
D:3:      lemuel_coloured_pillars_altar, vehumet_altar_wand_db, uniq_grinder

Notes
Turn   | Place    | Note
--------------------------------------------------------------
     0 | D:1      | rrentacletape, the Octopode Transmuter, began the quest for the Orb.
     0 | D:1      | Reached XP level 1. HP: 13/13 MP: 3/3
   296 | D:1      | Reached skill level 1 in Stealth
   309 | D:1      | Reached skill level 2 in Stealth
   309 | D:1      | Reached XP level 2. HP: 18/18 MP: 4/4
   445 | D:1      | Reached skill level 3 in Stealth
   955 | D:1      | Learned a level 2 spell: Sticks to Snakes
   960 | D:2      | Reached XP level 3. HP: 23/23 MP: 6/6
  1335 | D:2      | Noticed Sigmund
  1346 | D:2      | Learned a level 3 spell: Spider Form
  1392 | D:2      | Reached skill level 4 in Unarmed Combat
  1454 | D:2      | Reached XP level 4. HP: 28/28 MP: 7/7
  1711 | D:2      | Found an ancient bone altar of Kikubaaqudgha.
  1766 | D:2      | Killed Sigmund
  1766 | D:2      | Reached skill level 3 in Transmutations
  1766 | D:2      | Reached XP level 5. HP: 33/33 MP: 1/9
  1936 | D:3      | Noticed Grinder
  1998 | D:2      | Reached skill level 1 in Poison Magic
  2023 | D:3      | Reached skill level 2 in Poison Magic
  2139 | D:3      | Found a radiant altar of Vehumet.
  2264 | D:3      | Reached skill level 4 in Transmutations
  2281 | D:3      | Reached XP level 6. HP: 31/38 MP: 10/10
  2566 | D:3      | Found an iron altar of Okawaru.
  2761 | D:3      | Noticed RobertPalmer's ghost (average OpGl)
  2777 | D:3      | Killed RobertPalmer's ghost
  2777 | D:3      | Reached skill level 3 in Dodging
  2939 | D:3      | Paralysed by Grinder for 5 turns
  2942 | D:3      | HP: 1/38 [Grinder (6)]
  2943 | D:3      | Mangled by Grinder

Vanquished Creatures
  The ghost of RobertPalmer the Cudgeler, an average OpGl (D:3)
  Sigmund (D:2)
  2 orc wizards (D:3)
  6 adders
  4 worms
  A giant gecko (D:3)
  An ooze (D:3)
  7 orcs (D:3)
  2 ball pythons (D:1)
  9 bats
  4 giant cockroaches
  7 goblins
  9 hobgoblins
  7 jackals
  5 kobolds
  A quokka (D:2)
  4 giant newts
  5 rats
76 creatures vanquished.

Vanquished Creatures (collateral kills)
  A bat (D:2)
1 creature vanquished.

Grand Total: 77 creatures vanquished
